 Dungeon Crawl Stone Soup version 0.24.0 (webtiles) character file.

Game seed: 7258444276133682143, levelgen mode: deterministic

1580 Gildeon the Magician (level 8, -1/45 HPs)
             Began as a Gargoyle Earth Elementalist on Oct 24, 2019.
             Was a Follower of Sif Muna.
             Slain by a killer bee (2 damage)
             ... on level 5 of the Dungeon on Oct 25, 2019.
             The game lasted 00:30:44 (7438 turns).

Gildeon the Magician (Gargoyle Earth Elementalist)  Turns: 7438, Time: 00:30:45

Health: -1/45      AC: 10    Str: 12    XL:     8   Next: 91%
Magic:  4/16       EV: 14    Int: 18    God:    Sif Muna [*.....]
Gold:   224        SH:  0    Dex: 10    Spells: 1/18 levels left

rFire    . . .     SeeInvis +   p - +0 flail
rCold    . . .     Gourm    .   (no shield)
rNeg     + . .     Faith    .   c - +0 robe
rPois    ∞         Spirit   .   C - +0 helmet
rElec    +         Reflect  .   j - +0 cloak
rCorr    .         Harm     .   (no gloves)
MR       +....                  (no boots)
Stlth    ++........             (no amulet)
HPRegen  0.15/turn              g - ring of see invisible
MPRegen  0.15/turn              n - ring of protection from magic

@: very slightly contaminated
A: negative energy resistance 1, electricity resistance, unbreathing,
petrification resistance, rot immunity, AC +5
a: Channel Magic, Renounce Religion


You were on level 5 of the Dungeon.
You worshipped Sif Muna.
Sif Muna was aware of your devotion.
You were hungry.

You visited 2 branches of the dungeon, and saw 7 of its levels.

You collected 224 gold pieces.

Inventory:

Hand Weapons
 o - a +0 whip of pain
 p - a +0 flail (weapon)
Armour
 c - a +0 robe (worn)
 j - a +0 cloak (worn)
 C - a +0 helmet (worn)
Jewellery
 g - a ring of see invisible (left hand)
 k - an uncursed ring of protection from cold {unknown}
 n - a ring of protection from magic (right hand)
 s - an uncursed ring of fire
 y - a +2 amulet of reflection {unknown}
Wands
 a - a wand of iceblast (12)
 u - a wand of polymorph (5)
 D - a wand of disintegration (4)
Scrolls
 b - 3 scrolls of amnesia {unknown}
 e - a scroll of fear
 h - 4 scrolls of remove curse {unknown}
 i - 2 scrolls of magic mapping
 l - a scroll of enchant weapon {unknown}
 r - a scroll of enchant armour {unknown}
 t - 4 scrolls of teleportation {unknown}
 w - a scroll of fog {unknown}
Potions
 f - 7 potions of curing
 m - a potion of lignification
 v - a potion of haste {unknown}
 x - a potion of might {unknown}
 z - a potion of flight {unknown}
 A - 2 potions of ambrosia {unknown}
 B - a potion of heal wounds {unknown}
Comestibles
 d - 13 rations


   Skills:
 + Level 2.5 Fighting
 + Level 2.6 Armour
 - Level 5.0 Dodging
 - Level 2.1 Stealth
 + Level 5.6 Spellcasting
 - Level 3.2 Conjurations
 - Level 0.7 Transmutations
 - Level 5.1 Earth Magic
 + Level 2.7 Invocations
 + Level 2.5 Evocations


You had one spell level left.
You knew the following spells:

 Your Spells              Type           Power        Failure   Level  Hunger
a - Sandblast             Erth           ###...       1%          1    None
b - Passwall              Tmut/Erth      ###.....     6%          2    None
c - Stone Arrow           Conj/Erth      ###...       7%          3    ##.....
d - Petrify               Tmut/Erth      ###.....     36%         4    ####...
e - Lee's Rapid Deconstr  Erth           ###.......   38%         5    #####..
f - Searing Ray           Conj           ###...       4%          2    None

Your spell library contained the following spells:

 Spells                   Type           Power        Failure   Level  Hunger
 Magic Dart               Conj           ###.         3%          1    None
 Dazzling Spray           Conj/Hex       ##....       19%         3    ##.....
 Iskenderun's Mystic Bla  Conj           ###.....     32%         4    ####...
 Force Lance              Conj/Tloc      ##......     54%         4    ####...
 Fulminant Prism          Conj/Hex       ##........   54%         4    ####...


Dungeon Overview and Level Annotations

Branches:
Dungeon (6/15)             Temple (1/1) D:4

Altars:
Ashenzari
Cheibriados
Dithmenos
Fedhas
Gozag
Kikubaaqudgha
Makhleb
Nemelex Xobeh
Okawaru
Qazlal
Ru
Sif Muna
Trog
Uskayaw
Vehumet
Wu Jian
Xom
Yredelemnul
Zin
The Shining One

Annotations:
D:6 exclusion: hound


Innate Abilities, Weirdness & Mutations

You are resistant to torment.
Your stone body is resilient. (AC +5)
You are immune to poison.
You resist negative energy. (rN+)
You are resistant to electric shocks. (rElec)
You can survive without breathing.
You are immune to petrification.
You are immune to rotting.


Message History

* * * LOW HITPOINT WARNING * * *
The killer bee closely misses you.
You are feeling hungry.
The killer bee stings you.
* * * LOW HITPOINT WARNING * * *
The killer bee stings you.
* * * LOW HITPOINT WARNING * * *
The killer bee stings you but does no damage. x2
Casting: Searing Ray (safe; 4% risk of failure)
Confirm with . or Enter, or press ? or * to list all spells.
Aiming: Searing Ray (safe; 4% risk of failure)
Press: ? - help, Shift-Dir - straight line, f/p - killer bee
Aim: a killer bee (severely wounded)
The searing ray hits the killer bee.
The killer bee is almost dead. (Press . to maintain the ray.)
The killer bee stings you.
* * * LOW HITPOINT WARNING * * *
The killer bee closely misses you. The killer bee stings you.
You die...

########.###..##########
..!....#.#.............##########
######.#.#.#..########.........<.
#.##...#.#################.#
######.###.##.##..>.............#
.....#.###.##.##.################
####.#.............#
#.#.........)y#.#
#............@y.#
#...###.######..# #...# #.# #..#
#...# #.# #..# #...###.######..#
#..............##
####........####..# .......###..#
#..# #......# #..# #..#


You could see 2 killer bees.

Vanquished Creatures
  2 ice beasts
  5 ogres
  A necrophage (D:6)
  A centaur (D:5)
  A killer bee (D:5)
  A howler monkey (D:5)
  3 crimson imps
  A hound (D:5)
  A jelly (D:6)
  An iguana (D:6)
  Ijyb (D:4)
  8 worker ants
  A hound skeleton (D:4)
  A worker ant zombie (D:6)
  13 gnolls
  7 adders
  3 shadow imps
  An ooze (D:4)
  An adder skeleton (D:2)
  3 worms
  3 dart slugs
  4 leopard geckos
  8 orcs
  A ball python (D:2)
  A bat skeleton (D:2)
  A bat zombie (D:2)
  3 giant cockroaches
  5 hobgoblins
  8 jackals
  A ball python skeleton (D:2)
  7 bats
  6 frilled lizards
  9 goblins
  6 kobolds
  A quokka skeleton (D:2)
  2 rats (D:2)
122 creatures vanquished.

Notes
Turn   | Place    | Note
-------+----------+-------------------------------------------
     0 | D:1      | Gildeon the Gargoyle Earth Elementalist began the quest for
                  | the Orb.
     0 | D:1      | Reached XP level 1. HP: 10/10 MP: 3/3
   309 | D:1      | Reached XP level 2. HP: 15/15 MP: 3/5
   314 | D:1      | Learned a level 2 spell: Passwall
   980 | D:2      | Reached XP level 3. HP: 19/19 MP: 3/6
   985 | D:2      | Learned a level 3 spell: Stone Arrow
  2143 | D:2      | Reached XP level 4. HP: 3/24 MP: 6/8
  2841 | D:2      | Found an ornate altar of the Wu Jian Council.
  3720 | D:3      | Reached XP level 5. HP: 28/28 MP: 9/9
  3749 | D:3      | Learned a level 4 spell: Petrify
  3937 | D:4      | Noticed Ijyb
  3942 | D:4      | Noticed an ogre
  3943 | D:4      | Noticed an ogre
  3952 | D:4      | Killed Ijyb
  3952 | D:4      | Reached skill level 5 in Earth Magic
  3953 | D:4      | Killed an ogre
  3953 | D:4      | Reached XP level 6. HP: 32/32 MP: 9/11
  3955 | D:4      | Reached skill level 1 in Conjurations
  4198 | D:4      | Upgraded the game from 0.24-b1-44-g37ad8b309f to 0.24.0
  4220 | D:4      | Found a staircase to the Ecumenical Temple.
  4229 | Temple   | Entered the Ecumenical Temple
  4246 | Temple   | Became a worshipper of Sif Muna the Loreminder
  4405 | D:4      | Reached XP level 7. HP: 31/36 MP: 3/13
  5157 | D:5      | Entered Level 5 of the Dungeon
  5241 | D:5      | Learned a level 5 spell: Lee's Rapid Deconstruction
  5346 | D:5      | Reached skill level 5 in Spellcasting
  5450 | D:5      | Reached skill level 1 in Evocations
  5455 | D:5      | Reached XP level 8. HP: 37/42 MP: 5/15
  5494 | D:5      | Reached * piety under Sif Muna
  5611 | D:5      | Learned a level 2 spell: Searing Ray
  5941 | D:5      | Reached skill level 1 in Fighting
  5941 | D:5      | Reached skill level 1 in Armour
  5941 | D:5      | Reached skill level 1 in Invocations
  6409 | D:6      | Found a bloodstained altar of Trog.
  7429 | D:5      | Reached skill level 5 in Dodging
  7438 | D:5      | HP: 1/45 [killer bee (2)]
  7438 | D:5      | Slain by a killer bee

Levels and vault maps discovered:
D:1:      dpeg_arrival_three_bigger_balls, layout_basic,
          minmay_stone_trees_small
D:2:      lemuel_upstairs_altar, layout_basic, serial_undead, serial_undead_b,
          serial_undead_b, serial_undead_a, serial_undead_e
D:3:      layout_loops_ring, first_ration, hex_tiny, kennysheep_generic_room_11
D:4:      layout_loops_ring, minmay_temple_entry_arrows,
          hangedman_abyss_or_decor_lesser_grid, uniq_ijyb
D:5:      layout_loops_ring
D:6:      layout_cave_pools, basic_altar, minmay_ogre_servants
Temple:   regret_index_temple_chain_breaker
